 Dungeon Crawl Stone Soup version 0.16-a0-1794-gf7beed7 (webtiles) character file.

1670 Sibelio the Grappler (level 8, -1/73 (74) HPs)
             Began as a Troll Chaos Knight on Nov 2, 2014.
             Was a Plaything of Xom.
             Slain by an orc warrior
             ... wielding a +0 glaive
              (22 damage)
             ... on level 6 of the Dungeon.
             The game lasted 00:20:13 (4966 turns).

Sibelio the Grappler (Troll Chaos Knight)           Turns: 4966, Time: 00:20:22

HP:   -1/73 (74)    AC:  9    Str: 21    XL:     8   Next: 70%
MP:   3/3           EV:  9    Int:  6    God:    Xom
Gold: 343           SH:  0    Dex: 11    Spells: 0 memorised, 7 levels left

rFire  . . .     SeeInvis .       - Unarmed
rCold  + . .     Clarity  .     b - +2 robe
rNeg   . . .     SustAb   .     (shield restricted)
rPois  +         Gourm    +     (helmet restricted)
rElec  .         Spirit   .     (no cloak)
rCorr  .         Warding  .     (gloves unavailable)
rMut   .         Stasis   .     (boots unavailable)
MR     .....                    (no amulet)
Stlth  +.........               E - ring of poison resistance
                                x - +2 ring of protection

@: not resistant to hostile enchantments, very unstealthy
A: unfitting armour, claws 3, cold resistance 1, dopey 1, fast metabolism 3,
gourmand, regeneration 2, shaggy fur 1, tough skin 2
a: Renounce Religion


You were on level 6 of the Dungeon.
You worshipped Xom.
You were a special plaything of Xom.
You were very full.

You visited 1 branch of the dungeon, and saw 6 of its levels.
You also visited: Ossuary.

You collected 343 gold pieces.

Inventory:

Missiles
 w - 3 javelins
 C - 2 large rocks (quivered)
Armour
 b - a +2 robe (worn)
Jewellery
 h - an uncursed ring of loudness
 x - a +2 ring of protection (left claw)
 E - a ring of poison resistance (right claw)
Magical devices
 B - a wand of magic darts (13)
Scrolls
 g - 3 scrolls of enchant armour
 k - a scroll of teleportation
 m - 3 scrolls of remove curse
 o - a scroll of immolation {unknown}
 q - a scroll of fog {unknown}
 r - 2 scrolls of blinking {unknown}
 s - a scroll of fear {unknown}
 t - 2 scrolls of recharging {unknown}
 u - a scroll of amnesia {unknown}
 y - a scroll of noise {unknown}
 z - a scroll of enchant weapon {unknown}
Potions
 d - a potion of degeneration {unknown}
 e - 4 potions of agility
 f - 3 potions of curing
 i - a potion of haste {unknown}
 j - 2 potions of brilliance {unknown}
 l - 2 potions of restore abilities
 n - a potion of poison
 A - a potion of might {unknown}
Books
 D - a book of the Sky

   Spells                             Type                      Level
   Flight                             Charms/Air                   3
   Airstrike                          Air                          4
   Silence                            Hexes/Air                    5
   Deflect Missiles                   Charms/Air                   6
   Conjure Ball Lightning             Conjuration/Air              6
   Tornado                            Air                          9
Comestibles
 a - 3 meat rations
 c - a royal jelly
 p - a slice of pizza
 v - 2 bread rations
 F - 5 chunks of flesh


   Skills:
 - Level 2.4 Fighting
 + Level 1.8 Throwing
 - Level 1.5 Armour
 - Level 0.7 Dodging
 * Level 11.1 Unarmed Combat


You had 7 spell levels left.
You didn't know any spells.

Dungeon Overview and Level Annotations

Branches:
Dungeon (6/15)             Temple (0/1) D:6

Altars:

Shops:
D:5 [


Innate Abilities, Weirdness & Mutations

You are too large for most types of armour.
You have claws for hands.
Your metabolism is lightning-fast.
You like to eat raw meat.
You heal very quickly.
You are covered in fur (AC +1).
You have very tough skin (AC +2).
Your flesh is cold resistant.
You are dopey. (Int -2)


Message History

You throw a large rock.
The large rock closely misses the orc warrior.
The orc hits you but does no damage. The orc barely misses you.
The kobold barely misses you.
There is an open door, spattered with blood here.
Xom makes a sudden noise!
You hear a grinding noise.
Throwing (i - inventory. (,) - cycle):
C - 3 large rocks (quivered)
Press: ? - help, Shift-Dir - straight line, f/p - orc warrior
Aim: an orc warrior, wielding a glaive and wearing a chain mail You throw a large rock.
The large rock hits the orc warrior!
The orc warrior is moderately wounded.
The orc warrior hits you from afar with a glaive!!
Drink which item? (? for menu, Esc to quit)
You feel better. Xom's power touches on you.
You are caught in a strong localised spatial distortion.
* * * LOW HITPOINT WARNING * * *
The orc warrior hits you from afar with a glaive!!
You die...
Xom snickers!

.....#..)##'##.##...#...#
.....#...##.##.##...##+##
.....#...............'..#
....o#...............#†.#
....o#...##.##+####.##..# ##+##
.....#...##+#.....#.##'## #...#
.....#...#........#.#...# #...#
.....'..))).oo....+.....# #...+
.....##'##).(Ko.@.#....O###...#
##..........####...####.K...###+#
+..........# #...# #.....+...#
#..........# #...# #...s.#...#
###+#......# #...# #.......#.#
#...#### #####.......####.# +...#
#.......# #..# #...# #.......#
#..# #...# #.......# ##.#


You could see an orc warrior, 2 orcs and a kobold.

Vanquished Creatures
  The ghost of password the Conjurer, an average DgCj (D:4)
  2 ice beasts (D:5)
  A centaur (D:6)
  A giant frog (D:3)
  2 scorpions (D:5)
  A hippogriff skeleton (D:6)
  2 giant frog zombies
  2 hounds (D:5)
  2 human zombies (Ossuary)
  4 orc priests
  3 centaur zombies (Ossuary)
  4 orc wizards (D:6)
  6 worker ants
  Natasha (twice) (D:4)
  A big kobold zombie (Ossuary)
  A sheep (D:5)
  3 mummies (Ossuary)
  8 gnolls
  6 adders
  A shadow imp (D:6)
  5 worms
  3 adder zombies (Ossuary)
  An adder skeleton (D:5)
  3 giant geckos
  An ooze (D:2)
  20 orcs
  2 ball pythons
  5 giant cockroaches
  7 goblins
  12 hobgoblins
  2 jackals (D:5)
  15 kobolds
  A quokka (D:2)
  13 bats
  4 giant newts
  A goblin skeleton (D:5)
  4 goblin zombies (Ossuary)
  3 hobgoblin zombies (Ossuary)
  7 jackal zombies (Ossuary)
  A kobold skeleton (D:6)
  3 kobold zombies (Ossuary)
  An orc skeleton (D:6)
  An orc zombie (Ossuary)
  4 quokka zombies (Ossuary)
  5 rats
  2 rat zombies (Ossuary)
  A ballistomycete (D:6)
180 creatures vanquished.

Vanquished Creatures (others)
  A giant spore (D:6)
1 creature vanquished.

Grand Total: 181 creatures vanquished

Notes
Turn   | Place    | Note
--------------------------------------------------------------
     0 | D:1      | Sibelio, the Troll Chaos Knight, began the quest for the Orb.
     0 | D:1      | Reached XP level 1. HP: 22/22 MP: 1/1
   347 | D:1      | Reached XP level 2. HP: 29/29 MP: 1/1
   502 | D:1      | Reached skill level 4 in Unarmed Combat
   505 | D:1      | XOM: silly message
   540 | D:1      | XOM: silly message
   690 | D:2      | Reached XP level 3. HP: 31/36 MP: 2/2
   697 | D:2      | XOM: harmless Divn miscast
   737 | D:2      | XOM: harmless Conj miscast
   961 | D:2      | Reached XP level 4. HP: 44/44 MP: 2/2
   967 | D:2      | Reached skill level 5 in Unarmed Combat
  1467 | D:3      | Noticed a giant frog
  1470 | D:3      | Gained mutation: Your flesh is cold resistant. [potion of mutation]
  1470 | D:3      | Gained mutation: You are dopey. (Int -2) [potion of mutation]
  1473 | D:3      | XOM: potion effect (heal wounds)
  1483 | D:3      | Killed a giant frog
  1483 | D:3      | Reached skill level 6 in Unarmed Combat
  1483 | D:3      | Reached XP level 5. HP: 44/50 MP: 2/2
  1893 | D:3      | Reached XP level 6. HP: 57/59 MP: 3/3
  2014 | D:4      | XOM: stealth player
  2029 | D:4      | Noticed password's ghost (average DgCj)
  2058 | D:4      | Found a sand-covered staircase.
  2064 | Ossuary  | Entered an ossuary
  2082 | Ossuary  | Reached skill level 7 in Unarmed Combat
  2184 | Ossuary  | XOM: potion effect (agility)
  2273 | Ossuary  | Reached skill level 8 in Unarmed Combat
  2273 | Ossuary  | Reached XP level 7. HP: 66/66 MP: 3/3
  2547 | D:4      | XOM: potion effect (haste)
  2561 | D:4      | Killed password's ghost
  2678 | D:4      | Noticed Natasha
  2685 | D:4      | Killed Natasha
  2737 | D:4      | XOM: 2-stop teleportation journey
  2747 | D:4      | XOM: vitrification
  2765 | D:4      | Reached skill level 9 in Unarmed Combat
  2896 | D:4      | Noticed Natasha
  2898 | D:4      | Killed Natasha
  2961 | D:5      | Entered Level 5 of the Dungeon
  3173 | D:5      | XOM: vitrification
  3189 | D:5      | XOM: confuse monster(s)
  3248 | D:5      | Reached XP level 8. HP: 66/74 MP: 3/3
  3305 | D:5      | XOM: confuse monster(s)
  3316 | D:5      | XOM: potion effect (might)
  3318 | D:5      | Reached skill level 10 in Unarmed Combat
  3571 | D:5      | XOM: destruction
  3621 | D:5      | XOM: harmless Summ miscast
  3784 | D:5      | Found Hatriang's Antique Armour Shoppe.
  3867 | D:5      | XOM: polymorph jelly -> sheep
  4255 | D:6      | XOM: summons 3 hostile demons
  4256 | D:6      | Noticed a rust devil
  4277 | D:6      | XOM: 2-stop teleportation journey
  4280 | D:6      | Found a staircase to the Ecumenical Temple.
  4331 | D:6      | XOM: mild Tloc miscast
  4445 | D:6      | XOM: summons 5 hostile shadow creatures
  4506 | D:6      | XOM: 3-stop teleportation journey
  4759 | D:6      | XOM: mild Necr miscast
  4789 | D:6      | Reached skill level 1 in Throwing
  4917 | D:6      | Reached skill level 11 in Unarmed Combat
  4920 | D:6      | XOM: polymorph orc wizard -> centaur
  4921 | D:6      | XOM: mild Tloc miscast
  4941 | D:6      | XOM: noise
  4966 | D:6      | XOM: medium Tloc miscast
  4966 | D:6      | Slain by an orc warrior

Action                   |  1- 3 |  4- 6 |  7- 9 || total
-------------------------+-------+-------+-------++-------
Melee: Unarmed           |    85 |   176 |   257 ||   518
Throw: Large rock        |       |       |     6 ||     6
       Javelin           |       |       |     1 ||     1
  Use: Scroll            |     1 |     6 |     3 ||    10
       Potion            |       |     1 |     1 ||     2
 Stab: Confused          |       |       |     1 ||     1
       Sleeping          |       |       |     1 ||     1
  Eat: Chunk             |    14 |     7 |    25 ||    46
       Bread ration      |       |       |     1 ||     1
